 Dungeon Crawl Stone Soup version 0.31-a0-700-gf13585253f (webtiles) character file.

Game seed: 13545867830820941708

123 qw the Shooter (level 5, 0/32 HPs)
             Began as a Gargoyle Hunter on Sept 7, 2023.
             Constricted to death by Ijyb (1 damage)
             ... on level 3 of the Dungeon.
             The game lasted 00:00:49 (1958 turns).

qw the Shooter (Gargoyle Hunter)                    Turns: 1958, Time: 00:00:50

Health: 0/32       AC: 10    Str: 14    XL:     5   Next: 7%
Magic:  5/5        EV:  7    Int: 10    God:
Gold:   79         SH:  0    Dex: 15    Spells: 4/4 levels left

rFire   . . .        Y - +0 shortbow
rCold   . . .        (shield currently unavailable)
rNeg    + . .        e - +0 ring mail
rPois   inf          (no helmet)
rElec   +            (no cloak)
rCorr   .            i - +0 pair of gloves
SInv    .            (no boots)
Will    ++...        (no amulet)
Stlth   +            d - ring of willpower
HPRegen 0.25/turn    j - ring of willpower
MPRegen 0.09/turn

%: no passive effects
@: grasped by roots, constricted
A: sickness immunity, AC +4, negative energy resistance 1, electricity
resistance, torment resistance 1, petrification resistance
a: no special abilities


You were on level 3 of the Dungeon.
You visited 1 branch of the dungeon, and saw 3 of its levels.

You collected 79 gold pieces.


Innate Abilities, Weirdness & Mutations

You are immune to sickness and miasma.
Your stone body is resilient. (AC +4)
You are immune to poison.
You resist negative energy. (rN+)
You are resistant to electric shocks. (rElec)
You are resistant to unholy torment.
You are immune to petrification.


   Skills:
 - Level 3.1 Fighting
 + Level 5.6 Ranged Weapons
 - Level 1.2 Armour
 - Level 1.5 Dodging
 - Level 1.1 Stealth


You had 4 spell levels left.
You didn't know any spells.
Your spell library was empty.

Inventory:

Hand Weapons
 Y - a +0 shortbow (weapon)
Armour
 e - a +0 ring mail (worn)
 i - a +0 pair of gloves (worn)
Jewellery
 d - a ring of willpower (left hand)
 j - a ring of willpower (right hand)
Scrolls
 b - a scroll of identify
Potions
 g - a potion of ambrosia {unknown}
 h - a potion of haste

Dungeon Overview and Level Annotations

Branches:
Dungeon (3/15)

Altars:

Shops:
D:1 ??[

Annotations:
D:2 1 runed translucent door, Crazy Yiuf
D:3 Ijyb, Terence


Message History

The grasping roots grab you!
The hobgoblin is unaffected.
Terence is unaffected.
The grasping roots constrict you.
The hobgoblin hits you but does no damage.
Terence completely misses you.
Ijyb screams, "You nasty!
Big nasty!"
The grasping roots constrict you. Terence hits you but does no damage.
The hobgoblin closely misses you.
There is a stone staircase leading up here.
You shoot an arrow. The arrow hits Terence.
Terence is lightly wounded.
The hobgoblin hits you but does no damage.
Ijyb barely misses you. The grasping roots constrict you.
Terence hits you with a +0 mace.
You shoot an arrow. The arrow hits Terence.
Terence is lightly wounded.
The hobgoblin hits you. Ijyb hits you but does no damage.
The grasping roots constrict you. Terence hits you with a +0 mace.
The rat bites you but does no damage.
The grasping roots release their grip on you.
You shoot an arrow. The arrow barely misses Terence.
Terence hits you with a +0 mace. The rat barely misses you.
The hobgoblin barely misses you.
Ijyb zaps a wand.
The roots erupt in riotous growth!
The grasping roots grab you!
The hobgoblin is unaffected.
The rat is unaffected.
Terence is unaffected.
Ijyb is unaffected.
The grasping roots constrict you.
You shoot an arrow.
The arrow hits Terence but does no damage.
Terence is lightly wounded.
The hobgoblin hits you but does no damage.
Terence barely misses you. The rat bites you but does no damage.
Ijyb hits you with a +0 club. The grasping roots constrict you.
You shoot an arrow. The arrow barely misses Terence.
Ijyb barely misses you. The grasping roots constrict you.
The hobgoblin barely misses you. The rat barely misses you.
Terence barely misses you.
The hobgoblin hits you but does no damage.
Ijyb hits you but does no damage. The grasping roots constrict you.
You die...

#..........#
..........###
...........
........#
.......#..
Kg......#
#.###g@...#
#....@#
....###rg......
# .......#.
......%...
..........#
...........#
#............
#..........#.


You could see Ijyb, Terence, 2 hobgoblins, a kobold and a rat.

Vanquished Creatures
  An orc priest (D:2)
  2 adders (D:2)
  2 worms (D:2)
  A dart slug (D:1)
  3 orcs (D:2)
  2 bats
  7 endoplasms
  A giant cockroach (D:1)
  8 goblins
  7 hobgoblins
  3 quokkas
  6 ball pythons
  2 frilled lizards
  5 kobolds
  10 rats
60 creatures vanquished.

Notes
Turn   | Place    | Note
-------+----------+-------------------------------------------
     0 | D:1      | qw the Gargoyle Hunter began the quest for the Orb.
     0 | D:1      | Reached XP level 1. HP: 12/12 MP: 1/1
     0 | D:1      | 0 ||| qw: Version: 0.3-a-76-g4403597
     0 | D:1      | 0 ||| qw: Game counter: 700
     0 | D:1      | 0 ||| qw: Melee chars always use a shield: true
     0 | D:1      | 0 ||| qw: God list: Okawaru
     0 | D:1      | 0 ||| qw: Allow faded altars: false
     0 | D:1      | 0 ||| qw: Do Orc after clearing Dungeon:15 true
     0 | D:1      | 0 ||| qw: Do second Lair branch before Depths: true
     0 | D:1      | 0 ||| qw: Lair rune preference: random
     0 | D:1      | 0 ||| qw: Goals: Normal
     0 | D:1      | 0 ||| PLANNING D:1-11
   110 | D:1      | Found Cygezut's Armour Emporium.
   120 | D:1      | 120 ||| SHOPLISTING +2 ring mail of fire resistance (294
                  | gold, have 9).
   136 | D:1      | Reached XP level 2. HP: 17/17 MP: 2/2
   361 | D:1      | Reached XP level 3. HP: 21/21 MP: 3/3
   386 | D:1      | Found Kaump's Magic Scroll Shop.
   394 | D:1      | 394 ||| SHOPLISTING scroll of identify (28 gold, have 23).
   394 | D:1      | 394 ||| SHOPLISTING scroll of teleportation (42 gold, have
                  | 23).
   586 | D:1      | Reached skill level 5 in Ranged Weapons
   698 | D:1      | Found Zukkiph's Magic Scroll Boutique.
   706 | D:1      | 706 ||| SHOPLISTING scroll of identify (28 gold, have 23).
   706 | D:1      | 706 ||| SHOPLISTING scroll of teleportation (42 gold, have
                  | 23).
   777 | D:1      | 777 ||| UPGRADING to +0 ring mail.
   787 | D:1      | 787 ||| DROPPING +0 leather armour.
   788 | D:1      | 788 ||| UPGRADING to ring of willpower.
   789 | D:1      | 789 ||| READING scroll labelled XURCHE SURUC.
   792 | D:1      | 792 ||| READING scroll labelled DELAWEESEP.
   793 | D:1      | 793 ||| DRINKING 2 yellow potions.
   794 | D:1      | 794 ||| DROPPING scroll of butterflies.
   850 | D:2      | Reached skill level 1 in Armour
   885 | D:2      | HP: 5/22 [worm (6)]
  1254 | D:2      | Found a runed translucent door.
  1255 | D:2      | Noticed Crazy Yiuf
  1324 | D:2      | Reached XP level 4. HP: 27/27 MP: 4/4
  1338 | D:2      | Reached skill level 3 in Fighting
  1399 | D:2      | Found a faded altar of an unknown god.
  1513 | D:2      | 1513 ||| Stepping ~*~*~tactically~*~*~ (outnumbered).
  1514 | D:2      | 1514 ||| Stepping ~*~*~tactically~*~*~ (outnumbered).
  1535 | D:2      | Reached XP level 5. HP: 25/32 MP: 5/5
  1755 | D:2      | 1755 ||| UPGRADING to +0 pair of gloves.
  1760 | D:2      | 1760 ||| UPGRADING to ring of willpower.
  1761 | D:2      | 1761 ||| READING scroll labelled ZOZXOB MEMUXI.
  1762 | D:2      | 1762 ||| READING scroll labelled WUNTAT QUCK.
  1763 | D:2      | 1763 ||| READING 2 scrolls of identify.
  1763 | D:2      | 1763 ||| IDENTIFYING grey potion
  1764 | D:2      | 1764 ||| DROPPING potion of attraction.
  1797 | D:3      | Noticed Ijyb
  1799 | D:3      | 1799 ||| STAIRDANCE
  1869 | D:3      | Noticed Terence
  1872 | D:3      | 1872 ||| STAIRDANCE
  1956 | D:3      | HP: 7/32 [constriction (2)]
  1958 | D:3      | HP: 1/32 [constriction (3)]
  1958 | D:3      | Constricted to death by Ijyb

Levels and vault maps discovered:
D:1:      nzn_arrival_crosshair, layout_basic, serial_shops, shop,
          nicolae_shop_tiny_statue_garden, nicolae_shop_advertising_works
          [nicolae_subvault_shop_adworks]
D:2:      minmay_chambers_of_twos, layout_basic, basic_ecumenical_altar,
          minmay_heptomino_d4, uniq_crazy_yiuf_cottage
D:3:      layout_rooms, mainiacjoe_overflow_large_starburst,
          serial_bayou_crossing, uniq_ijyb, uniq_terence

Skill      XL: |  1  2  3  4 |
---------------+-------------+-----
Ranged Weapons | 5 |  5.6
Armour         | 1 |  1.2
Fighting       | 3 |  3.1
Dodging        | |  1.5
Stealth        | |  1.1

Action                     |  1- 3 |  4- 6 || total
---------------------------+-------+-------++-------
   Fire: Shortbow          |   124 |    73 ||   197
    Use: Scroll            |     2 |     3 ||     5
         Potion            |     1 |       ||     1
 Armour: Leather armour    |    11 |       ||    11
         Ring mail         |     8 |    49 ||    57
  Dodge: Dodged            |    18 |    38 ||    56

Table legend:
 A = Non-vault XP
 B = Vault XP
 C = Vault XP percentage of total XP
 D = Non-vault monster count
 E = Vault monster count
 F = Vault count percentage of total count
                 A         B        C        D         E       F
            +---------+---------+-------+---------+---------+-------
      Total |     148 |      29 |  16.4 |      49 |      11 |  18.3
            +---------+---------+-------+---------+---------+-------
        D:1 |      44 |       0 |   0.0 |      25 |       0 |   0.0
        D:2 |     103 |      29 |  22.0 |      23 |      11 |  32.4
        D:3 |       1 |       0 |   0.0 |       1 |       0 |   0.0
            +---------+---------+-------+---------+---------+-------
